Map: Kairos Junction LE

Players

SophoNaX

  • Race: Protoss Protoss
  • League: Platinum
  • Spawn Location: 11:00

Woah - Winner!

  • Race: Terran Terran
  • Spawn Location: 5:00

VOD

Have the link to the VOD?

Description

Time

  • Played on: June 11, 2019, 4:46 p.m.
  • Length: 23:28
Show
View Real Time Build Order
Export as new Build Order

SophoNaX Protoss 

Build Orders: 1 Gate Expand, Oracle Opening, Colossus Rush 

Get SALT Encoding   

  12  0:01  Probe  
  13  0:13  Probe  
  14  0:17  Pylon  
  14  0:25  Probe  
  15  0:36  Probe  
  15  0:38  Gateway  
  16  0:44  Probe  
  17  0:52  Probe  
  17  0:54  Assimilator  
  18  1:02  Probe  
  18  1:10  Probe  
  20  1:29  Nexus  
  20  1:46  Probe  
  20  1:53  Cybernetics Core  
  20  1:54  Gateway  
  20  1:58  Probe  
  21  2:10  Warp Gate, Pylon  
  21  2:19  Assimilator  
  21  2:20  Stalker  
  22  2:57  Probe x2  
  24  3:07  Stargate  
  24  3:10  Probe  
  24  3:11  Probe  
  26  3:23  Probe  
  27  3:28  Stalker  
  27  3:34  Zealot  
  31  3:42  Probe x2  
  31  3:43  Pylon  
  31  3:47  Robotics Facility  
  33  3:59  Oracle  
  33  4:00  Probe x2  
  38  4:08  Probe, Shield Battery  
  38  4:09  Probe  
  38  4:10  Pylon  
  40  4:23  Probe  
  40  4:24  Probe  
  40  4:27  Pylon  
  42  4:37  Robotics Bay  
  42  4:43  Pylon  
  42  4:44  Probe x2  
  44  4:46  Stalker  
  44  4:48  Zealot  
  48  4:53  Probe  
  48  4:56  Probe  
  50  5:01  Probe  
  48  5:08  Probe  
  48  5:09  Assimilator  
  48  5:10  Probe  
  48  5:11  Assimilator  
  48  5:12  Stalker  
  48  5:14  Zealot  
  54  5:20  Probe  
  55  5:24  Colossus  
  61  5:34  Gateway  
  61  5:36  Forge  
  61  5:37  Forge  
  61  5:45  Pylon  
  61  5:51  Probe x2  
  63  6:03  Probe x2  
  65  6:13  Extended Thermal Lance, Pylon  
  65  6:15  Probe  
  65  6:16  Stalker x2  
  68  6:35  Probe x2  
  70  6:42  Pylon  
  70  6:44  Pylon  
  70  6:49  Pylon x2  
  70  6:55  Pylon  
  70  6:58  Pylon  
  70  6:59  Nexus, Pylon  
  70  7:00  Probe x2  
  72  7:01  Pylon  
  72  7:04  Pylon  
  72  7:10  Twilight Council  
  72  7:13  Probe  
  72  7:15  Photon Cannon x2  
  73  7:21  Photon Cannon  
  73  7:27  Photon Cannon  
  73  7:30  Photon Cannon  
  73  7:31  Probe x2  
  73  7:32  Protoss Ground Weapons Level 1  
  75  7:38  Stalker  
  75  7:39  Stalker  
  75  7:40  Zealot  
  75  7:41  Protoss Ground Armor Level 1  
  75  7:43  Colossus  
  87  7:52  Assimilator  
  87  7:55  Pylon  
  87  8:00  Templar Archives  
  87  8:16  Zealot x3  
  93  8:21  Charge  
  93  8:25  Gateway x2  
  93  8:28  Gateway  
  93  8:29  Gateway  
  93  8:32  Probe x2  
  95  8:37  Colossus  
  95  8:48  Stalker x2  
  98  8:51  Psionic Storm  
  95  8:58  Stalker  
  97  9:19  Probe x2  
  97  9:20  Probe  
  100  9:29  Stalker  
  100  9:30  Colossus, High Templar x2  
  112  9:31  Probe  
  112  9:32  Probe x2  
  112  9:33  Zealot  
  117  9:43  Probe  
  117  9:45  Pylon  
  118  9:48  Assimilator, Probe  
  118  9:49  Probe, Pylon  
  120  9:55  Photon Cannon  
  120  10:00  Photon Cannon  
  120  10:16  High Templar  
  120  10:17  High Templar x3  
  120  10:19  High Templar  
  130  10:26  Zealot  
  132  10:29  Zealot  
  132  10:30  Colossus  
  140  10:38  Probe x3  
  143  10:50  Zealot x3  
  143  10:51  Zealot x4  
  143  10:55  Protoss Ground Weapons Level 2  
  143  11:15  Zealot  
  143  11:17  Zealot x3  
  143  11:18  Zealot x3  
  127  11:36  Archon  
  127  11:37  Archon  
  119  11:50  High Templar x4  
  119  11:51  High Templar x3  
  133  11:55  Probe x3  
  136  12:04  Nexus  
  136  12:08  Protoss Ground Armor Level 2  
  136  12:12  Pylon  
  136  12:15  Pylon  
  136  12:19  Colossus  
  142  12:24  High Templar x2  
  142  12:26  Zealot  
  142  12:27  Zealot x3  
  142  12:28  Zealot  
  156  12:37  Gateway x2  
  156  12:43  Archon  
  124  13:15  Archon x3  
  106  13:31  High Templar x5  
  106  13:33  Nexus  
  116  13:34  Zealot  
  116  13:35  Zealot x3  
  116  13:37  Probe  
  125  13:41  Probe x2  
  125  13:44  Colossus  
  125  13:45  Probe  
  133  13:53  Probe  
  135  14:00  Assimilator  
  135  14:02  Assimilator  
  135  14:09  Zealot  
  137  14:10  Zealot  
  137  14:11  Zealot x4, Protoss Ground Weapons Level 3  
  137  14:12  Zealot x2  
  151  14:38  High Templar  
  151  14:39  High Templar  
  151  14:41  Zealot x2  
  151  14:43  Zealot x5  
  170  14:45  Probe  
  170  14:46  Probe x2  
  172  14:55  Probe  
  172  14:57  Probe  
  172  14:58  Probe  
  175  15:04  Zealot x5  
  175  15:05  Zealot, Protoss Shields Level 1  
  175  15:06  High Templar  
  189  15:23  Photon Cannon  
  189  15:25  Photon Cannon  
  189  15:27  Photon Cannon  
  189  15:28  Warp Prism  
  189  15:32  Pylon  
  189  15:35  Pylon  
  191  15:51  Zealot  
  191  15:52  Zealot x2  
  191  15:54  High Templar  
  191  15:55  Nexus  
  199  15:59  Archon  
  139  16:35  High Templar x4  
  139  16:36  High Templar x5  
  141  16:41  Archon x3  
  141  16:42  Archon x2  
  125  17:06  Gateway  
  125  17:08  Gateway  
  125  17:11  Gateway  
  125  17:12  Assimilator  
  125  17:14  Zealot  
  125  17:15  Zealot x6  
  135  17:16  Zealot x2, Assimilator  
  137  17:40  Stalker, Gateway  
  137  17:41  Stalker x5  
  137  17:42  Gateway  
  137  17:43  Zealot x3  
  155  17:45  Gateway  
  139  18:06  Zealot  
  139  18:07  Zealot x2  
  139  18:08  High Templar x2  
  139  18:09  High Templar x5  
  157  18:18  Archon  
  157  18:19  Archon x2  
  125  18:32  Stalker  
  125  18:33  Stalker x2  
  125  18:34  Stalker  
  125  18:48  Probe x4  
  128  18:53  High Templar  
  128  18:54  High Templar x2  
  135  18:57  Zealot  
  135  18:58  Zealot x6  
  135  18:59  Zealot x2  
  151  19:07  Observer  
  152  19:28  Observer  
  153  19:31  High Templar  
  153  19:32  High Templar  
  153  19:34  Zealot  
  153  19:36  Zealot  
  153  19:37  Zealot x4  
  153  19:38  Zealot x4  
  175  19:39  Colossus  
  175  19:40  Probe x2  
  175  19:41  Probe  
  178  20:21  Protoss Ground Armor Level 3  
  178  20:25  Colossus  
  148  20:29  Zealot x4  
  148  20:30  Zealot x7  
  97  20:43  High Templar x4  
  97  20:44  High Templar x2  
  97  20:47  Stalker  
  110  20:55  Archon  
  110  20:56  Archon  
  104  20:59  Stalker x4  
  106  21:13  Photon Cannon  
  106  21:15  Photon Cannon  
  106  21:21  Stalker x2  
  106  21:22  Stalker x5  
  106  21:23  Stalker  
  108  21:36  High Templar  
  108  21:38  Zealot  
  108  21:39  Zealot x4  
  120  21:40  Zealot  
  98  22:01  Zealot x4  
  84  22:02  Zealot x3  
  84  22:04  Sentry x3  
  84  22:05  Sentry  
  104  22:14  Zealot x2  
  104  22:15  Zealot x2  
  110  22:45  Stalker x2  
  110  22:46  Stalker x2  
  110  22:48  Zealot x4  
  110  22:49  Zealot x6  
  110  22:50  Zealot, Nexus  
Show
View Real Time Build Order
Export as new Build Order

Woah Terran - Winner!

Build Orders:  

Get SALT Encoding   

  12  0:03  SCV  
  13  0:15  SCV  
  13  0:20  Supply Depot  
  14  0:27  SCV  
  15  0:41  SCV  
  16  0:43  Barracks  
  16  0:48  Refinery  
  16  0:53  SCV  
  17  1:08  SCV  
  18  1:20  SCV  
  18  1:22  Barracks  
  19  1:31  Reaper  
  20  1:32  SCV  
  21  1:45  SCV  
  22  1:54  Command Center  
  22  2:04  Orbital Command  
  22  2:15  Barracks Tech Lab  
  22  2:17  Supply Depot  
  22  2:24  Barracks Reactor  
  22  2:28  Refinery  
  22  2:29  SCV  
  23  2:41  SCV  
  24  2:52  Stimpack  
  23  2:59  Barracks  
  23  3:00  Marine x2  
  23  3:02  SCV  
  26  3:05  Marine  
  27  3:14  Orbital Command  
  27  3:17  SCV  
  28  3:25  Factory  
  28  3:29  SCV  
  28  3:33  Marine  
  30  3:35  Marine  
  30  3:39  Marine  
  32  3:41  SCV  
  32  3:44  Bunker  
  33  3:51  Barracks Reactor  
  33  3:57  SCV, Engineering Bay  
  33  3:58  SCV  
  33  4:01  Marine  
  33  4:02  Marine  
  37  4:04  Marine  
  37  4:09  SCV  
  39  4:11  Starport  
  39  4:12  Factory Reactor  
  39  4:20  SCV  
  39  4:22  Marine x2  
  42  4:25  Terran Infantry Weapons Level 1, Marauder  
  42  4:27  Marine  
  42  4:29  Marine  
  46  4:35  Missile Turret  
  46  4:39  Missile Turret  
  46  4:55  Factory Tech Lab  
  46  5:06  SCV x2, Medivac x2, Supply Depot  
  52  5:10  Supply Depot  
  52  5:14  Refinery  
  52  5:18  SCV x2  
  54  5:30  SCV  
  54  5:31  Command Center  
  55  5:38  Cyclone  
  58  5:57  Barracks  
  58  5:59  Barracks  
  58  6:00  Combat Shield  
  58  6:02  Marine  
  59  6:20  Terran Infantry Armor Level 1  
  54  6:31  SCV  
  51  6:47  Starport  
  51  6:51  SCV x2  
  51  6:53  Orbital Command  
  53  6:56  Engineering Bay, Barracks Reactor  
  53  6:58  Marine x3, Barracks Reactor  
  53  6:59  Marine x2  
  58  7:01  Armory  
  58  7:03  SCV x2  
  58  7:05  Refinery  
  60  7:11  Supply Depot  
  60  7:15  SCV  
  61  7:19  Supply Depot  
  61  7:21  Viking x2  
  65  7:31  Orbital Command  
  65  7:35  Barracks Tech Lab  
  65  7:43  Viking x2  
  69  7:46  SCV x2  
  71  7:53  Marauder, Marine  
  71  7:56  Marauder, Marine x5  
  81  8:01  Missile Turret  
  81  8:05  Bunker  
  81  8:11  Marine  
  82  8:14  Viking, Marauder, Marine x2  
  82  8:15  Viking  
  82  8:17  Marauder  
  82  8:19  Marine  
  93  8:27  Sensor Tower  
  93  8:28  Medivac  
  93  8:32  Viking  
  96  9:02  Viking x2  
  92  9:06  Medivac  
  92  9:09  SCV x3  
  99  9:10  Refinery  
  99  9:17  Terran Infantry Weapons Level 2  
  97  9:20  Refinery  
  97  9:23  Supply Depot  
  97  9:27  Supply Depot  
  97  9:28  Supply Depot  
  97  9:30  Terran Infantry Armor Level 2  
  97  9:31  SCV x2  
  97  9:32  SCV  
  100  9:41  Ghost Academy  
  100  9:43  SCV  
  100  9:45  SCV x2  
  103  9:55  SCV, Medivac x2  
  103  9:57  SCV  
  103  9:58  Command Center  
  109  10:01  Starport  
  109  10:08  Fusion Core  
  109  10:14  Marauder x2  
  113  10:44  Marauder x2, Marine x6  
  119  11:00  Starport Tech Lab  
  119  11:01  Marine  
  119  11:02  Marine x2  
  122  11:05  Marauder  
  122  11:10  Marauder  
  116  11:29  Liberator x3  
  116  11:30  Liberator  
  107  11:51  Ghost x2  
  107  11:52  Marine x2  
  107  11:53  Marine x4  
  107  11:54  SCV x3  
  122  11:56  Planetary Fortress  
  122  11:58  Barracks  
  123  12:04  Barracks x2  
  123  12:06  Advanced Ballistics  
  126  12:10  Marine x4  
  126  12:12  Liberator, Barracks  
  126  12:15  Barracks  
  130  12:22  Ghost x2  
  137  12:31  Terran Infantry Weapons Level 3  
  137  12:36  Terran Infantry Armor Level 3  
  127  13:10  Liberator  
  127  13:11  Liberator x2  
  98  13:19  Marauder, Marine x7  
  78  13:25  SCV x2  
  78  13:26  SCV  
  82  13:32  Command Center  
  82  13:33  Barracks Tech Lab  
  97  13:35  Barracks Tech Lab  
  97  13:36  Barracks Tech Lab x2  
  97  13:37  Liberator, Marine x6  
  97  13:38  Marauder  
  97  13:41  Marauder  
  101  13:44  Personal Cloaking  
  101  13:50  Terran Ship Weapons Level 1  
  101  13:54  Marine  
  105  13:58  Ghost  
  107  14:03  Barracks Tech Lab  
  107  14:04  Sensor Tower, Concussive Shells  
  107  14:06  Marauder  
  109  14:12  SCV x4  
  113  14:22  Refinery  
  114  14:24  SCV x4  
  114  14:25  Ghost x2, Refinery  
  114  14:26  Marine  
  114  14:27  Marine x10  
  114  14:31  Supply Depot  
  132  14:34  Supply Depot  
  132  14:36  SCV  
  132  14:37  Supply Depot  
  133  14:44  Marine x2  
  133  14:45  Marine  
  136  14:50  Siege Tank  
  136  14:52  Viking x2  
  143  14:58  Sensor Tower  
  143  15:17  Planetary Fortress  
  143  15:27  Marauder x2  
  143  15:28  Marauder x5  
  157  15:48  Marauder x2  
  157  15:49  Marauder x2  
  165  15:55  Sensor Tower  
  165  15:56  Viking, Command Center  
  135  15:57  Viking x2, Marauder  
  167  15:58  Marauder x2  
  177  16:10  Marauder  
  108  16:40  Liberator  
  108  16:41  Marauder, Marine x4  
  108  16:42  Marauder x2, Marine  
  109  16:56  Viking x2  
  109  16:57  Viking x2  
  109  16:58  Marine  
  109  16:59  Marauder x3, Marine x3  
  109  17:00  Marine x3  
  129  17:02  Marauder  
  129  17:03  Marauder x2  
  135  17:09  Liberator x2  
  135  17:16  Marine x2  
  135  17:17  Marauder  
  133  17:27  Viking x2  
  141  17:30  Ghost x2  
  145  17:38  Ghost  
  145  17:39  Marine x2  
  145  17:40  Marauder, Viking, Marine x3  
  145  17:41  Marine x4  
  145  17:57  Marine x3  
  145  17:58  Marine  
  129  18:06  Ghost x3  
  129  18:07  Marine  
  129  18:08  Marine x5  
  139  18:15  Marine x3  
  139  18:16  Marine  
  117  18:25  Marine x2  
  117  18:26  Marine  
  116  18:31  Marauder x3  
  116  18:33  Marine x4  
  126  18:35  Marauder, Marine x2  
  130  18:43  SCV, Marine x2  
  130  18:44  Marauder  
  135  18:50  Marine  
  135  18:52  Marauder  
  135  18:53  Marauder, Liberator  
  135  18:54  Liberator x4  
  153  19:31  Marauder x2  
  153  19:32  Marauder x2  
  153  19:33  Marauder, Ghost  
  153  19:35  Marine x7  
  170  19:38  Liberator x2  
  170  19:40  Orbital Command  
  170  19:52  Marine x2  
  178  20:04  Sensor Tower  
  178  20:16  Liberator  
  178  20:17  Liberator x2  
  108  20:41  Marauder, Marine x2  
  108  20:42  Marauder x2, Marine x8  
  117  20:59  Marine x2  
  117  21:00  Marine x8  
  117  21:01  Medivac  
  117  21:02  Ghost  
  117  21:03  Marauder x2  
  127  21:04  Liberator  
  127  21:17  Marine x5  
  127  21:18  Marauder, Marine x4  
  138  21:24  Marine x2  
  143  21:31  Marine  
  130  21:35  Marine x7  
  130  21:36  Marauder x2  
  130  21:39  Marine  
  138  21:41  Marine  
  138  21:42  Marine  
  136  21:48  Liberator x3  
  136  21:49  Marine  
  136  21:52  Marine x2  
  136  21:53  Marine x3  
  127  22:05  Marauder  
  127  22:08  Marine  
  138  22:09  Marine x6  
  138  22:10  Marine x2  
  138  22:11  Marine x3  
  150  22:25  Marine  
  150  22:26  Marine x5  
  150  22:27  Marine x2  
  150  22:28  Marine x2  
  150  22:29  Marine x3  
  163  22:43  Command Center, Marine  
  163  22:44  Ghost x2, Marine x4  
  164  22:45  Marine  
  164  22:46  Marine x2  
  164  22:48  Refinery  
  164  22:50  Refinery  
  175  22:53  Command Center  
  175  23:02  Marauder  
Tags
 
Add a new tag
Caveats
  • Supply blocks, unpowered buildings, or Contaminate may cause inaccurate times.
  • Supply counts are checked every 10 seconds.